[ AOE2 MATCH · #506720614 ]
UnrankedBohemians vs Sicilians
Player's team · WIN
[ REPLAY ANALYSIS · EXTRACTED FROM THE RECORDED GAME ]
Feudal
10:45
Castle
—
Imperial
—
| APM avg | 68.4 |
| APM peak | 117 |
| eAPM avg | 40.9 |
| Villagers / military | 29 / 3 |
Focus
⚔️ 21.2% · 🌾 78.8%
Militia ×2 · Spearman ×1
Feudal
—
Castle
—
Imperial
—
| APM avg | 40.8 |
| APM peak | 114 |
| eAPM avg | 18.3 |
| Villagers / military | 27 / 0 |
Focus
⚔️ 27.8% · 🌾 72.2%
Match map
Initial resources + every placement click. Lines = walls · curves = elevation contours. ◆ gold · ⬟ stone · ● berries · ✦ relic · ◌ wall gap
Your base· Open — 5t gap
Papapishu8352's base· Open — 5t gap
Smoothed initial terrain · ◌ = detected wall gap · hover for details
Inputs per minute
— OaRMäR - - Papapishu8352
Build order — OaRMäR
55 actions detected in the replay
| 0:00 | Queue | Villager (Male) |
| 0:00 | Queue | Villager (Male) |
| 0:01 | Queue | Villager (Male) |
| 0:02 | Build | House |
| 0:05 | Build | House |
| 0:12 | Queue | Villager (Male) |
| 2:04 | Queue | Villager (Male) |
| 2:05 | Queue | Villager (Male) |
| 2:05 | Queue | Villager (Male) |
| 2:08 | Build | Lumber Camp |
| 2:45 | Queue | Villager (Male) |
| 2:55 | Queue | Villager (Male) |
| 2:58 | Build | House |
| 4:18 | Queue | Villager (Male) |
| 4:18 | Queue | Villager (Male) |
| 4:58 | Build | Mill |
| 5:03 | Queue | Villager (Male) |
| 5:22 | Queue | Villager (Male) |
| 5:22 | Queue | Villager (Male) |
| 5:39 | Build | House |
| 6:27 | Queue | Villager (Male) |
| 6:35 | Build | House |
| 7:20 | Queue | Villager (Male) |
| 7:20 | Queue | Villager (Male) |
| 7:34 | Research | Loom |
| 8:13 | Research | Feudal Age |
| 8:13 | Research | Feudal Age |
| 8:56 | Build | Barracks |
| 9:27 | Build | House |
| 9:56 | Build | Mining Camp |
| 9:57 | Queue | Militia |
| 9:58 | Queue | Militia |
| 9:59 | Build | House |
| 10:04 | Build | Farm |
| 10:45 | Age | Feudal Age |
| 11:08 | Queue | Villager (Male) |
| 11:08 | Queue | Villager (Male) |
| 11:21 | Build | Farm |
| 11:22 | Build | Farm |
| 12:09 | Queue | Villager (Male) |
| 12:21 | Build | Blacksmith |
| 12:45 | Queue | Villager (Male) |
| 12:45 | Queue | Villager (Male) |
| 13:19 | Queue | Villager (Male) |
| 13:19 | Queue | Villager (Male) |
| 13:43 | Build | Farm |
| 13:59 | Build | Farm |
| 14:02 | Queue | Villager (Male) |
| 14:41 | Research | Fletching |
| 14:42 | Research | Fletching |
| 15:12 | Queue | Villager (Male) |
| 16:45 | Queue | Villager (Male) |
| 17:49 | Queue | Villager (Male) |
| 18:59 | Queue | Villager (Male) |
| 21:47 | Queue | Spearman |
Build order — Papapishu8352
37 actions detected in the replay
| 0:00 | Queue | Villager (Male) |
| 0:01 | Queue | Villager (Male) |
| 0:01 | Queue | Villager (Male) |
| 0:03 | Build | House |
| 0:06 | Build | House |
| 0:15 | Research | Loom |
| 0:27 | Queue | Villager (Male) |
| 0:28 | Queue | Villager (Male) |
| 1:30 | Queue | Villager (Male) |
| 2:38 | Queue | Villager (Male) |
| 2:38 | Queue | Villager (Male) |
| 2:44 | Build | House |
| 2:45 | Queue | Villager (Male) |
| 2:45 | Queue | Villager (Male) |
| 4:23 | Queue | Villager (Male) |
| 4:24 | Queue | Villager (Male) |
| 4:24 | Queue | Villager (Male) |
| 5:00 | Build | Lumber Camp |
| 5:45 | Queue | Villager (Male) |
| 5:45 | Queue | Villager (Male) |
| 5:46 | Queue | Villager (Male) |
| 5:46 | Queue | Villager (Male) |
| 6:15 | Queue | Villager (Male) |
| 6:15 | Queue | Villager (Male) |
| 7:21 | Queue | Villager (Male) |
| 7:31 | Queue | Villager (Male) |
| 8:13 | Queue | Villager (Male) |
| 8:41 | Queue | Villager (Male) |
| 8:54 | Queue | Villager (Male) |
| 9:36 | Queue | Villager (Male) |
| 10:20 | Build | Town Center |
| 11:09 | Queue | Villager (Male) |
| 17:23 | Build | Palisade Gate |
| 17:32 | Build | House |
| 17:40 | Build | House |
| 19:23 | Build | Mill |
| 22:18 | Queue | Villager (Male) |
Match timeline
| 8:56 | OaRMäR · first_building Barracks |
| 10:45 | OaRMäR · age_up feudal |
| 23:55 | Papapishu8352 · resign |
[ AI ANALYSIS · 1 CREDIT ]
What really happened in this match?
Wolo.gg analyzes every decision: build order, eco, micro, common mistakes by bracket. Personalized analysis on WhatsApp or Discord in 30 seconds.
Civ guide
Bohemians
Perfil
Jugador #2106972